AoeStats
← MrAquiles

Nomad

504149579Analyzed
2v2 RM · 27d ago on Sep 4, 2026· 23m 54s· 4 players
Game mode
Random Map
Map size
176×176
Population
200
Speed
Normal
Resources
Standard
Victory
Conquest
Starting age
Dark Age
Ending age
Imperial Age
RankedLock teamsTeams togetherTeam positionsShared explorationLock speedFull tech treeHidden civsTurbo modeCheats
Victory
Defeat
🇨🇱 Malay · Chile
929
+15
🇨🇱 Persians · Chile
903
+15
🇨🇳 Huns · China
919
-45
🇨🇱 Franks · Chile
883
-21
Gusso
3:50 Loom
15:51 Feudal Age
潜潜话
17:22 Feudal Age
18:44 Double-Bit Axe
21:50 Wheelbarrow
21:07 Loom
21:10 Horse Collar
23:45 Castle Age
22:40 Gold Mining
22:44 Stone Mining
._!Leonidas!_.
5:11 Loom
12:45 Feudal Age
12:23 Double-Bit Axe
15:43 Fletching
21:21 Padded Archer Armor
24:08 Castle Age
MrAquiles
5:42 Loom
13:33 Feudal Age
18:35 Castle Age
16:56 Horse Collar
17:26 Stone Mining
20:19 Double-Bit Axe
20:39 Heavy Plow
21:26 Bow Saw
Connection lost

Rejoining the realm…

Still unreachable

The connection could not be restored.

Session expired

The server has moved on; the page needs a fresh start.